[Event "Late-Titled-Tuesday-Blitz-January-30-2024"]
[Site "Chess.com"]
[Date "2024.01.30"]
[Round "6"]
[White "Siemba"]
[Black "Viktor_Poddubnyi"]
[Result "1-0"]
[WhiteElo "2542"]
[BlackElo "2325"]
[TimeControl "180+1"]
[EndTime "15:06:38 PST"]
[Termination "Siemba won on time"]

1. e4 g6 2. h4 Bg7 3. h5 d5 4.
exd5 Qxd5 5. Nc3 Qa5 6. d4 Nc6 7. Be3 Nh6 8. Be2 Nf5 9. Nf3 Nxe3 10. fxe3 h6 11. hxg6 fxg6 12. Qd3 Bf5 13. e4 Bg4 14. e5 Bf5 15. Qb5 O-O-O 16. O-O-O Qxb5 17. Bxb5 Nb4 18. Rd2 c6 19. Bc4 Nd5 20. Re1 g5 21. Nxd5 cxd5 22.
Bd3 Rhf8 23. Bxf5+ Rxf5 24. Re3 h5 25. a4 g4 26. Nh4 Rf1+ 27. Rd1 Bh6 28. Rxf1 Bxe3+ 29. Kb1 Bxd4 30. Ng6 Kd7 31. Rf7 Rg8 32. Nxe7 Rb8 33. Rh7 Ke6 34. Ng6 Bxe5 35. Rxh5 Bf6 36. Nf4+ Kf7 37.
Nxd5 Bd4 38. Rg5 b5 39. Rxg4 Be5 40. axb5 Rxb5 41. Nb4 a5 42. Nd3 Bf6 43. Rf4 Ke7 44.
g3 Rg5 45. g4 Ke6 46. Re4+ Kd6 47.
Ka2 Rg8 48. Ka3 Rb8 49. Rf4 Ke6 50. Rf5 Rg8 51. Rxa5 Rxg4 52. Ra6+ Ke7 53. b4 1-0

[Event "Late-Titled-Tuesday-Blitz-January-30-2024"]
[Site "Chess.com"]
[Date "2024.01.30"]
[Round "6"]
[White "Mops_2004"]
[Black "Mazetovic"]
[Result "0-1"]
[WhiteElo "2765"]
[BlackElo "2628"]
[TimeControl "180+1"]
[EndTime "15:06:39 PST"]
[Termination "Mazetovic won by resignation"]

1. Nf3 Nf6 2. c4 g6 3. g3 Bg7 4. Bg2 O-O 5. O-O d6 6. Nc3 c6 7. d3 d5 8. Be3 dxc4 9. dxc4 Qxd1 10. Rfxd1 Na6 11. h3 Be6 12. b3 h6 13. Nd4 Bd7 14. g4 Rfd8 15. f4 Bxg4 16. Nxc6 bxc6 17. Bxc6 Rab8 18. Bxa7 Bxh3 19. Bxb8 Rxb8 20. e4 Nb4 21.
Bb5 Nh5 22. a3 Bxc3 23. axb4 Bxb4 24. f5 g5 25. Kh2 g4 26. Ra7 Nf4 27. Kg3 Ne2+ 28.
Kf2 Nc3 29. Rd4 Bc5 0-1

[Event "Late-Titled-Tuesday-Blitz-January-30-2024"]
[Site "Chess.com"]
[Date "2024.01.30"]
[Round "6"]
[White "GoValya"]
[Black "kikoveiga"]
[Result "0-1"]
[WhiteElo "2291"]
[BlackElo "2512"]
[TimeControl "180+1"]
[EndTime "15:06:39 PST"]
[Termination "kikoveiga won by resignation"]

1. d4 Nf6 2. c4 e6 3. Nf3 a6 4. a3 c5 5. Nc3 cxd4 6. Nxd4 Nc6 7. Nxc6 bxc6 8. g3 d5 9. cxd5 cxd5 10. Bg2 Bb7 11.
O-O Be7 12. Qb3 Qd7 13. Rd1 O-O 14. e4 d4 15. e5 Bxg2 16. exf6 Rab8 17. Qc2 Bxf6 18.
Kxg2 Rfc8 19. Qe4 h5 20. Ne2 h4 21. Rb1 Qa4 22. Bf4 Rb3 23. Nxd4 Rd8 24. Be3 e5 25.
Qc6 Rxd4 26. Qc8+ Kh7 27. Bxd4 exd4 28. Qf5+ Kg8 29. Rbc1 Rb8 30. Rc8+ Rxc8 31. Qxc8+ Kh7 32. Qf5+ g6 33. Rc1 gxf5 0-1

[Event "Late-Titled-Tuesday-Blitz-January-30-2024"]
[Site "Chess.com"]
[Date "2024.01.30"]
[Round "6"]
[White "sari07"]
[Black "DraningWaterHi"]
[Result "1-0"]
[WhiteElo "2409"]
[BlackElo "2111"]
[TimeControl "180+1"]
[EndTime "15:06:41 PST"]
[Termination "sari07 won by checkmate"]

1. d4 Nf6 2. Bf4 d5 3. Nc3 a6 4. e3 c5 5. Qd2 Nc6 6. O-O-O e6 7. f3 Bd6 8. dxc5 Bxc5 9. Bd3 e5 10. Bg5 h6 11.
Bxf6 gxf6 12. Kb1 Be6 13. Nge2 Qd7 14. e4 d4 15. Nd5 Bxd5 16. exd5 Qxd5 17. Be4 Qe6 18.
Ng3 Ne7 19. Bxb7 Rb8 20. Be4 Bb4 21. Qd3 Bc3 22. b3 Qd6 23. Qxc3 Qa3 24. Qc7 O-O 25. Nh5 Rfc8 26. Nxf6+ Kg7 27. Nh5+ Kf8 28. Qxe5 d3 29.
Qg7+ Ke8 30. Nf6+ Kd8 31. Rxd3+ Kc7 32. Qxf7 Rf8 33. Rd7+ Kb6 34. Qe6+ Ka5 35. Rxe7 Rb6 36. Qe5+ Rb5 37. Qc7+ Kb4 38. Qd6+ Rc5 39. Re5 Rc8 40. Rxc5 Rxc5 41. Rd1 Ka5 42. Rd5 Kb4 43. Qxc5# 1-0

[Event "Late-Titled-Tuesday-Blitz-January-30-2024"]
[Site "Chess.com"]
[Date "2024.01.30"]
[Round "6"]
[White "VladimirKramnik"]
[Black "ameetghasi100"]
[Result "1-0"]
[WhiteElo "2938"]
[BlackElo "2747"]
[TimeControl "180+1"]
[EndTime "15:06:42 PST"]
[Termination "VladimirKramnik won by resignation"]

1. c4 g6 2. Nc3 Bg7 3. g3 Nf6 4. Bg2 O-O 5. d3 d6 6. Rb1 a5 7. a3 c6 8. e4 d5 9. cxd5 cxd5 10. exd5 Nbd7 11. Nge2 Ne5 12. d4 Nc4 13. O-O Bf5 14. Ra1 Qb6 15. Na4 Qa7 16. Nec3 Rad8 17. b3 Nd6 18.
Re1 Rfe8 19. h3 Bc8 20. Bf4 Bd7 21. Rc1 Nb5 22. Nxb5 Bxb5 23. Nc3 Qb6 24. Be5 Rc8 25. Nxb5 Qxb5 26. a4 Qb4 27. Qf3 Bh6 28. Rcd1 Rc3 29. Qe2 Rd8 30. d6 Rxd6 31. Bxd6 Qxd6 32. Qxe7 Qxe7 33.
Rxe7 Rxb3 34. Rxb7 Ra3 35. d5 Rxa4 36. d6 Bf8 37. d7 1-0

[Event "Late-Titled-Tuesday-Blitz-January-30-2024"]
[Site "Chess.com"]
[Date "2024.01.30"]
[Round "6"]
[White "rose107"]
[Black "RianKapriaga"]
[Result "0-1"]
[WhiteElo "2123"]
[BlackElo "2349"]
[TimeControl "180+1"]
[EndTime "15:06:42 PST"]
[Termination "RianKapriaga won on time"]

1. e4 c6 2. d4 d5 3. exd5 cxd5 4. c3 Nc6 5. Bd3 Qc7 6. Nf3 Nf6 7. O-O Bg4 8. Bg5 e6 9. h3 Bh5 10. g4 Bg6 11.
Bxg6 hxg6 12. Kg2 Bd6 13. Nbd2 O-O-O 14. b4 Kb8 15. b5 Na5 16. c4 dxc4 17. Rc1 Bf4 18. Bxf6 gxf6 19. Ne4 Bxc1 20. Qxc1 f5 21. Nc5 fxg4 22. hxg4 Rxd4 23. Nxd4 Qxc5 24. Qf4+ e5 25. Qf6 Rc8 26. Nf3 Qd5 27. Re1 c3 28. Rxe5 Qd7 29. Qf4 Ka8 30. Qa4 c2 31. Re1 c1=Q 32.
Qxa5 Qxg4+ 33. Kh2 Rh8+ 0-1

[Event "Late-Titled-Tuesday-Blitz-January-30-2024"]
[Site "Chess.com"]
[Date "2024.01.30"]
[Round "6"]
[White "GMBenjaminBok"]
[Black "KaydenTroffChess"]
[Result "1-0"]
[WhiteElo "2945"]
[BlackElo "2861"]
[TimeControl "180+1"]
[EndTime "15:06:44 PST"]
[Termination "GMBenjaminBok won by resignation"]

1. Nf3 Nf6 2. c4 g6 3. Nc3 d5 4. cxd5 Nxd5 5. h4 h6 6. e4 Nxc3 7. dxc3 Qxd1+ 8. Kxd1 Nd7 9. Nd4 c6 10. Kc2 e5 11. Nb3 a5 12. a4 Nc5 13. f3 Be6 14.
Nd2 f5 15. Bc4 Kf7 16. h5 gxh5 17. exf5 Bxc4 18. Nxc4 Rg8 19. Rh2 e4 20. Be3 exf3 21. gxf3 Re8 22. Bxc5 Bxc5 23. Rxh5 Rg2+ 24. Kb3 Bf8 25.
Nxa5 Rf2 26. Rd1 Ree2 27. Rb1 Rxf3 28. Nxb7 Re5 29. Nd8+ Kf6 30. Nxc6 Rd5 31. Re1 Rf2 32. Re6+ Kg7 33. Rhxh6 Rdd2 34. Reg6+ Kf7 35. Rh7+ Bg7 1-0

[Event "Late-Titled-Tuesday-Blitz-January-30-2024"]
[Site "Chess.com"]
[Date "2024.01.30"]
[Round "6"]
[White "Russian_berezka"]
[Black "Sokoloco"]
[Result "0-1"]
[WhiteElo "2586"]
[BlackElo "2761"]
[TimeControl "180+1"]
[EndTime "15:06:44 PST"]
[Termination "Sokoloco won by checkmate"]

1. e4 d6 2. f4 Nf6 3. Nc3 Nc6 4. Nf3 Bg4 5. Bb5 e5 6. d4 Bxf3 7. Qxf3 exd4 8. e5 Nd7 9. Ne2 dxe5 10. Bxc6 bxc6 11. Qxc6 Bd6 12. O-O O-O 13. Ng3 Nf6 14. fxe5 Bxe5 15. Bf4 Qd6 16. Qxd6 cxd6 17. Nf5 Rad8 18.
Rae1 Rfe8 19. Bg5 Re6 20. h3 Rde8 21. Rd1 Ne4 22. Bc1 Rc8 23. Nxd4 Bxd4+ 24. Rxd4 Rxc2 25. Re1 Ng3 26. Bd2 Rxe1+ 27. Bxe1 Ne2+ 28. Kf2 Nxd4+ 29. Ke3 Re2+ 30. Kxd4 Rxe1 31. Kd5 Re2 32. b4 Rxg2 33. a4 Rg3 34. a5 Rxh3 35. Kxd6 Rb3 36. Kc5 h5 37. b5 h4 38. b6 axb6+ 39. axb6 h3 40. Kc6 h2 41. Kd7 h1=Q 42. b7 Qd5+ 43. Ke8 Re3# 0-1

[Event "Late-Titled-Tuesday-Blitz-January-30-2024"]
[Site "Chess.com"]
[Date "2024.01.30"]
[Round "6"]
[White "Bala-Afiada"]
[Black "rikchessmx"]
[Result "0-1"]
[WhiteElo "2028"]
[BlackElo "2323"]
[TimeControl "180+1"]
[EndTime "15:06:44 PST"]
[Termination "rikchessmx won by resignation"]

1. d4 Nf6 2. c4 e6 3. g3 d5 4. Nf3 Nbd7 5. Bg2 dxc4 6. Nc3 a6 7. a4 Rb8 8. e4 b5 9. axb5 axb5 10. e5 Nd5 11.
Ne4 Nb4 12. O-O Bb7 13. Nc3 c6 14. Bg5 Qb6 15. Ne4 h6 16. Be3 Nd3 17. d5 c5 18.
dxe6 Qxe6 19. Nd6+ Bxd6 20. exd6 O-O 21. Qc2 Qxd6 22.
Rfd1 Qb6 23. Ne1 Bxg2 24. Kxg2 N7e5 25. f4 Qc6+ 26. Kg1 Nxe1 27. Rxe1 Nf3+ 28. Kf2 Nxe1 29. Rxe1 Rfe8 30. Qf5 Rbc8 31. Qg4 Qe4 32. Qh3 b4 33. f5 c3 34. f6 cxb2 35. fxg7 b1=Q 36. Qxh6 Qh7 37.
Qf4 Qbc2+ 38. Re2 Qce4 0-1

[Event "Late-Titled-Tuesday-Blitz-January-30-2024"]
[Site "Chess.com"]
[Date "2024.01.30"]
[Round "6"]
[White "Binary010"]
[Black "carloseduar100"]
[Result "1-0"]
[WhiteElo "2893"]
[BlackElo "2327"]
[TimeControl "180+1"]
[EndTime "15:06:46 PST"]
[Termination "Binary010 won by checkmate"]

1. c4 e6 2. g3 d5 3. Bg2 Nf6 4. Nf3 Nbd7 5. d4 Bd6 6. O-O c6 7. Qc2 Qe7 8. Nc3 a6 9. b3 e5 10.
cxd5 cxd5 11. dxe5 Nxe5 12. Nxe5 Bxe5 13. Bb2 Be6 14.
Rac1 O-O 15. Na4 Bxb2 16. Qxb2 Rac8 17. e3 b5 18. Nc3 h6 19. Ne2 Bf5 20. Nd4 Be4 21. Bh3 Rxc1 22. Rxc1 Qe5 23. Qe2 Re8 24.
a4 Bg6 25. Nc6 Qe4 26. Bg2 Qe6 27. axb5 axb5 28. Nd4 Qa6 29. Qxb5 Qa3 30. Qc5 Qa2 31. Qc3 Ne4 32. Bxe4 Bxe4 33. Ra1 Qb1+ 34. Rxb1 Bxb1 35. b4 Be4 36. b5 g5 37. f3 Bg6 38. b6 Rb8 39.
Qc7 Ra8 40. b7 Ra1+ 41. Kf2 Bd3 42. b8=Q+ Kg7 43. Qe5+ Kg6 44. Qg8+ Kh5 45. g4+ Kh4 46. Qg3# 1-0

[Event "Late-Titled-Tuesday-Blitz-January-30-2024"]
[Site "Chess.com"]
[Date "2024.01.30"]
[Round "6"]
[White "dropstoneDP"]
[Black "brm72"]
[Result "1-0"]
[WhiteElo "3043"]
[BlackElo "2690"]
[TimeControl "180+1"]
[EndTime "15:06:48 PST"]
[Termination "dropstoneDP won by resignation"]

1. e4 c6 2. d4 d5 3. Nd2 dxe4 4. Nxe4 Nf6 5. Nxf6+ exf6 6. c3 Bd6 7. Bd3 O-O 8. Ne2 Re8 9. Qc2 h5 10. O-O Qc7 11.
f4 Bg4 12. Ng3 c5 13. h3 Bd7 14. Nxh5 cxd4 15. Qf2 Qc5 16. Qh4 dxc3+ 17. Kh1 Bf5 18. Qg3 Bg6 19. Bxg6 fxg6 20. Qxg6 Re7 21. Nxf6+ Kf8 22.
Nh7+ Kg8 23. Ng5 Kf8 24. bxc3 Nd7 25. Be3 Qc6 26. Bd4 Bc5 27. Qh7 Ke8 28. Qg8+ Nf8 29. Bxg7 Re2 30. Qf7+ Kd8 31. Rad1+ Kc8 32. Rd5 Nd7 33.
Rfd1 a6 34. Qxd7+ Qxd7 35. Rxd7 1-0

[Event "Late-Titled-Tuesday-Blitz-January-30-2024"]
[Site "Chess.com"]
[Date "2024.01.30"]
[Round "6"]
[White "lupta_robin"]
[Black "GMRafpig"]
[Result "1/2-1/2"]
[WhiteElo "2540"]
[BlackElo "2747"]
[TimeControl "180+1"]
[EndTime "15:06:49 PST"]
[Termination "Game drawn by repetition"]

1. c4 Nf6 2. Nc3 e5 3. Nf3 Nc6 4. d4 exd4 5. Nxd4 Bb4 6. g3 O-O 7. Bg2 Ne5 8. Qb3 Bc5 9. Nf3 Nxf3+ 10. Bxf3 d6 11. Bg5 h6 12. Bxf6 Qxf6 13. Ne4 Qe5 14. Nxc5 Qxc5 15. O-O a5 16. Rfd1 Be6 17. Rac1 Rab8 18.
Qc3 b6 19. h4 Rfe8 20. e3 Qb4 21. Qxb4 axb4 22. Bc6 Red8 23. Rd3 Bd7 24. Bxd7 Rxd7 25. a3 bxa3 26. Rxa3 Kf8 27. Kg2 Ke7 28. Ra7 c5 29. Rxd7+ Kxd7 30. Ra1 b5 31. cxb5 Rxb5 32. Ra2 h5 33. Kf3 Rb4 34. Ke2 Ke6 35. Kd3 g6 36. Kc3 Rb7 37. b3 Kf5 38. f3 Ke5 39. e4 Ke6 40.
Ra6 Ke5 41. Kc4 Rb4+ 42. Kc3 Rb7 43. Kc4 Rb4+ 44. Kc3 Rb7 1/2-1/2

[Event "Late-Titled-Tuesday-Blitz-January-30-2024"]
[Site "Chess.com"]
[Date "2024.01.30"]
[Round "6"]
[White "Kombinator01"]
[Black "crazy_but_lazy"]
[Result "0-1"]
[WhiteElo "2478"]
[BlackElo "2631"]
[TimeControl "180+1"]
[EndTime "15:06:49 PST"]
[Termination "crazy_but_lazy won by resignation"]

1. e4 c5 2. Nf3 d6 3. Bb5+ Bd7 4.
c4 Nf6 5. Nc3 g6 6. O-O Bg7 7.
Re1 O-O 8. d3 a6 9. Ba4 Nc6 10.
Nd5 Nxd5 11. cxd5 Nd4 12. Bxd7 Qxd7 13. Rb1 b5 14. b3 a5 15. Nxd4 Bxd4 16. Be3 Bxe3 17.
Rxe3 a4 18. d4 axb3 19. axb3 Rfc8 20. e5 cxd4 21. Qxd4 Qf5 22. Rbe1 Ra2 23. Rf3 dxe5 24. Qb4 Qd7 25. h3 f6 26. Rd1 Rac2 27. Kh2 Rc1 28.
Rfd3 Qd6 29. Qd2 e4+ 30. Rg3 R1c2 31. Qd4 f5 32. Kg1 Rc1 33. Re3 Rxd1+ 34. Qxd1 Rc5 35. g3 Rxd5 36. Qc2 Rc5 37. Qa2 Qd1+ 38. Kg2 Rc1 39. b4+ Kg7 40. Qb2+ Kh6 0-1

[Event "Late-Titled-Tuesday-Blitz-January-30-2024"]
[Site "Chess.com"]
[Date "2024.01.30"]
[Round "6"]
[White "Road2GM3000"]
[Black "C_K_G"]
[Result "0-1"]
[WhiteElo "2483"]
[BlackElo "2187"]
[TimeControl "180+1"]
[EndTime "15:06:49 PST"]
[Termination "C_K_G won by checkmate"]

1. d4 d5 2. c4 e6 3. Nc3 Nf6 4. cxd5 exd5 5. Bg5 Be7 6. e3 O-O 7. Bd3 a6 8. Qc2 h6 9. Bh4 b6 10. f4 Bb7 11. Nf3 Nbd7 12. Ne5 c5 13. O-O Rc8 14. Bf5 cxd4 15. exd4 Rc7 16. Rae1 Nxe5 17. fxe5 Ne4 18. Bxe7 Qxe7 19. Qb3 Nd2 20. Qxb6 Nxf1 21. Rxf1 Rd8 22. e6 Rc6 23. exf7+ Kf8 24. Qb3 Rf6 25. Qd1 Qxf7 26. Bd3 Rxf1+ 27. Bxf1 Qf4 28. Be2 Re8 29. Bf3 Qe3+ 30.
Kf1 a5 31. Qe2 Ba6 32. Nb5 Bxb5 33. Qxb5 Qe1# 0-1

[Event "Late-Titled-Tuesday-Blitz-January-30-2024"]
[Site "Chess.com"]
[Date "2024.01.30"]
[Round "6"]
[White "tgpgoat"]
[Black "Kostukov_Alex"]
[Result "1-0"]
[WhiteElo "2511"]
[BlackElo "2290"]
[TimeControl "180+1"]
[EndTime "15:06:52 PST"]
[Termination "tgpgoat won on time"]

1. Nf3 c5 2. g3 g6 3. Bg2 Bg7 4. O-O Nf6 5. c3 O-O 6. d4 cxd4 7. cxd4 d5 8. Nc3 Nc6 9. Bf4 Ne4 10. Rc1 Bf5 11. Nh4 Nxc3 12. bxc3 Be6 13. e4 dxe4 14. Bxe4 Bxa2 15. Bxc6 bxc6 16. c4 e5 17. dxe5 Qxd1 18. Rfxd1 a5 19. Rd3 a4 20. Nf3 Bb3 21. Nd4 Rfd8 22.
Rd2 c5 23. Nxb3 axb3 24. Rb2 Ra3 25. Rcb1 Rd3 26. Re2 Ra2 27. Rxa2 bxa2 28. Rb8+ Bf8 29. Bh6 a1=Q+ 30. Kg2 1-0

[Event "Late-Titled-Tuesday-Blitz-January-30-2024"]
[Site "Chess.com"]
[Date "2024.01.30"]
[Round "6"]
[White "lluiss"]
[Black "Boninknights"]
[Result "0-1"]
[WhiteElo "2183"]
[BlackElo "2419"]
[TimeControl "180+1"]
[EndTime "15:06:54 PST"]
[Termination "Boninknights won on time"]

1. e4 e5 2. Nf3 Qe7 3. Bc4 g6 4.
Nc3 c6 5. O-O Bg7 6. d4 exd4 7.
Nxd4 Qc5 8. Bxf7+ Kxf7 9. Be3 Qe7 10. e5 d5 11. Qf3+ Ke8 12. Rae1 Nh6 13. e6 Rf8 14. Qh3 Nf5 15. Nxf5 Rxf5 16. Qxh7 Bxe6 17. Qxg6+ Qf7 18. Qg3 Nd7 19. Bd2 Kf8 20. Qd6+ Qe7 21. Qxe6 Qxe6 22. Rxe6 Re8 23. Rxe8+ Kxe8 24. Re1+ Kf7 25.
b3 d4 26. Ne2 c5 27. Nc1 b5 28. Nd3 c4 29. bxc4 bxc4 30. Nb4 Rb5 31. Nc6 Rb2 32. h4 Bf6 33. Bg5 Rxc2 34. Bxf6 Nxf6 35. Nxd4 Rxa2 36.
Rc1 Ra4 37. g3 a5 38. Kg2 Ne4 39. Nf5 Ra2 40. Nd6+ Nxd6 41. Rd1 Ke6 0-1

[Event "Late-Titled-Tuesday-Blitz-January-30-2024"]
[Site "Chess.com"]
[Date "2024.01.30"]
[Round "6"]
[White "Inepton_Fermion"]
[Black "Burgsvik"]
[Result "0-1"]
[WhiteElo "2389"]
[BlackElo "2289"]
[TimeControl "180+1"]
[EndTime "15:06:54 PST"]
[Termination "Burgsvik won on time"]

1. f3 c5 2. Kf2 d5 3. e3 e5 4. c4 d4 5. e4 Nc6 6. d3 f5 7.
g3 f4 8. Ne2 g5 9. a3 h5 10.
Ke1 Qf6 11. Bg2 Bd6 12. Kd2 Nge7 13. Kc2 Ng6 14. Bd2 g4 15. gxf4 exf4 16. Qc1 Rf8 17. Rf1 h4 18. fxg4 Bxg4 19. Bf3 Bxf3 20. Rxf3 Nce5 21. Rxf4 Nxf4 22. Nxf4 O-O-O 23. a4 Nf3 24. Nd5 Qe6 25. Kb3 Bxh2 26. Bg5 Nxg5 27. Qxg5 Bg3 28.
Nd2 Rg8 29. Qh5 Rh8 30. Qg5 Rdg8 31. Ne7+ Kb8 32. Nxg8 Rxg8 33. Qxc5 Qe5 34. Qxe5+ Bxe5 35. Nf3 Bg3 36. Nxd4 Rd8 37. Nf5 Rxd3+ 38. Kc2 Rf3 39. Nxg3 hxg3 40. Rg1 Kc7 41. b3 Kd6 42. Kb2 Ke5 43. Ka3 Kxe4 44. Kb4 Kf4 45. a5 Rf2 46. Kc5 g2 0-1

[Event "Late-Titled-Tuesday-Blitz-January-30-2024"]
[Site "Chess.com"]
[Date "2024.01.30"]
[Round "6"]
[White "tptagain"]
[Black "AradNazari"]
[Result "1-0"]
[WhiteElo "2913"]
[BlackElo "2709"]
[TimeControl "180+1"]
[EndTime "15:06:55 PST"]
[Termination "tptagain won on time"]

1. e4 c5 2. Nf3 d6 3. c3 Nf6 4.
Be2 g6 5. O-O Bg7 6. Bb5+ Bd7 7.
Bxd7+ Nbxd7 8. Qe2 O-O 9. d4 e5 10. dxe5 dxe5 11. Rd1 Qc7 12. c4 Nb8 13. Bg5 Nh5 14. Nc3 Nc6 15. Nd5 Qc8 16. Be7 Re8 17. Bxc5 Nf4 18. Nxf4 exf4 19. Rac1 f5 20. e5 Nxe5 21.
Bd6 Nxf3+ 22. Qxf3 Re4 23. c5 Bxb2 24. Qb3+ Qe6 25.
Qxb2 Re8 26. Qb3 Re2 27. Bxf4 Rxa2 28. Qxe6+ Rxe6 29. Rd7 Rb2 30. Bh6 Re8 31. h4 a5 32.
Rcd1 Rb4 33. g3 1-0

[Event "Late-Titled-Tuesday-Blitz-January-30-2024"]
[Site "Chess.com"]
[Date "2024.01.30"]
[Round "6"]
[White "jk13"]
[Black "Zura_19"]
[Result "0-1"]
[WhiteElo "2694"]
[BlackElo "2555"]
[TimeControl "180+1"]
[EndTime "15:06:55 PST"]
[Termination "Zura_19 won by resignation"]

1. e4 c5 2. c3 d6 3. d4 Nf6 4.
Bd3 g6 5. Nf3 Bg7 6. O-O O-O 7.
dxc5 dxc5 8. Qe2 Nc6 9. h3 e5 10. Bg5 h6 11. Bxf6 Qxf6 12. Nbd2 Qe7 13. Nc4 f5 14.
Ne3 f4 15. Nd5 Qf7 16. Rad1 Be6 17. Bb5 g5 18. Qc4 a6 19. Ba4 Rac8 20. Qxc5 Kh8 21.
Qb6 Qh5 22. Qxb7 Na5 23. Qe7 Bxh3 24. Nxe5 f3 25. Bd7 Bxg2 26. Nxf3 Bxf3 0-1

[Event "Late-Titled-Tuesday-Blitz-January-30-2024"]
[Site "Chess.com"]
[Date "2024.01.30"]
[Round "6"]
[White "aistrel"]
[Black "sansanathalia"]
[Result "1-0"]
[WhiteElo "2534"]
[BlackElo "2398"]
[TimeControl "180+1"]
[EndTime "15:06:56 PST"]
[Termination "aistrel won by resignation"]

1. d4 Nf6 2. Nc3 d5 3. Bf4 e6 4. Nb5 Na6 5. e3 c6 6. Nc3 Bb4 7.
Bxa6 Bxc3+ 8. bxc3 bxa6 9. Ne2 h6 10. O-O O-O 11. c4 dxc4 12. c3 Qa5 13. a4 Bd7 14. Qc2 Rfc8 15. Bd6 Ne8 16. Bb4 Qc7 17. a5 Nf6 18.
Bc5 Be8 19. Qa4 Nd7 20. Qxc4 Nxc5 21. Qxc5 Rab8 22. c4 Rb2 23. Nf4 Rcb8 24. Nd3 R2b7 25. f4 Rb3 26. Rfd1 f6 27. d5 exd5 28. cxd5 R8b5 29.
d6 Qd7 30. Qc4+ Bf7 31. Nc5 Qd8 32. Qd4 R3b4 33. Qc3 Rc4 34. Qd3 Rcxc5 35. e4 Rxa5 36. Rxa5 Rxa5 37. Qd4 c5 38. Qd2 c4 39. d7 Rc5 40.
Qd6 Rc7 41. e5 fxe5 42. fxe5 c3 43. e6 c2 44. Rc1 Bxe6 45. Qxe6+ Kh8 46. Qe8+ 1-0

[Event "Late-Titled-Tuesday-Blitz-January-30-2024"]
[Site "Chess.com"]
[Date "2024.01.30"]
[Round "6"]
[White "SpeedofLight0"]
[Black "DefiantChair"]
[Result "1-0"]
[WhiteElo "3021"]
[BlackElo "2632"]
[TimeControl "180+1"]
[EndTime "15:06:58 PST"]
[Termination "SpeedofLight0 won by checkmate"]

1. d4 Nf6 2. Nc3 d5 3. Bf4 c5 4. e3 cxd4 5. exd4 a6 6. Nf3 Nc6 7. Be2 Bg4 8. O-O Bxf3 9. Bxf3 e6 10. Ne2 Bd6 11. c3 O-O 12. Re1 b5 13. Rc1 Rb8 14.
h4 h6 15. Qd2 Bxf4 16. Nxf4 Ne8 17. g3 Nd6 18. Nd3 a5 19. Kg2 b4 20. Qf4 bxc3 21. Rxc3 Nb4 22. Ne5 Nxa2 23. Nc6 Qc7 24. Rc5 Rb5 25. Bxd5 Nb4 26. Nxb4 Rxc5 27. Na6 Qb6 28.
dxc5 Qxa6 29. Qxd6 Qb5 30. Be4 Qb4 31. Re3 Kh8 32.
Qxf8# 1-0

[Event "Late-Titled-Tuesday-Blitz-January-30-2024"]
[Site "Chess.com"]
[Date "2024.01.30"]
[Round "6"]
[White "josmito10"]
[Black "Msb2"]
[Result "0-1"]
[WhiteElo "2828"]
[BlackElo "3001"]
[TimeControl "180+1"]
[EndTime "15:07:00 PST"]
[Termination "Msb2 won on time"]

1. e4 e6 2. d4 d5 3. Nc3 Nf6 4. e5 Nfd7 5. f4 c5 6. Nf3 Nc6 7. Be3 a6 8. Qd2 b5 9. Be2 Be7 10. Nd1 b4 11. O-O O-O 12. Nf2 a5 13. Kh1 Ba6 14.
Bxa6 Rxa6 15. g4 f6 16. exf6 Nxf6 17. dxc5 Nd7 18. Nd3 Nf6 19. Nd4 Ne4 20. Qg2 Nxd4 21. Bxd4 Qc7 22. f5 exf5 23. gxf5 Bf6 24. c3 bxc3 25. bxc3 Nxc3 26. Bxc3 Bxc3 27. Qxd5+ Kh8 28. Rac1 Rh6 29. Rf2 Rd8 30. Qe4 Bf6 31. Nf4 Rh4 32. Ne6 Qb8 33. Qg2 Rc8 34. c6 Be5 35. Qf3 Bxh2 36.
Kg2 Be5 37. Rfc2 Rh2+ 38. Kg1 Qb6+ 39. Kf1 Qb5+ 40. Kg1 Rxc2 41. Rxc2 Qb1+ 42. Qd1 Qxd1+ 0-1

[Event "Late-Titled-Tuesday-Blitz-January-30-2024"]
[Site "Chess.com"]
[Date "2024.01.30"]
[Round "6"]
[White "krzyzan94"]
[Black "GlavkonVVS"]
[Result "1/2-1/2"]
[WhiteElo "2758"]
[BlackElo "2581"]
[TimeControl "180+1"]
[EndTime "15:07:00 PST"]
[Termination "Game drawn by repetition"]

1. e4 Nf6 2. e5 Nd5 3. Nc3 Nb6 4. d4 d6 5. exd6 cxd6 6. Bd3 g6 7. h4 Bg7 8. h5 Nc6 9. Nge2 e5 10. d5 Nb4 11. Bb5+ Kf8 12. a3 a6 13.
axb4 axb5 14. Rxa8 Nxa8 15. Nxb5 Nb6 16. b3 f5 17. c4 f4 18. Nec3 Bf5 19. c5 dxc5 20. bxc5 Nd7 21. b4 Qg5 22. Qf3 Bg4 23. Qe4 Nf6 24. Qc4 Bxh5 25. c6 Qxg2 26. Rf1 bxc6 27. dxc6 Bg4 28. c7 Ke7 29. Qc5+ Kd7 30. Qd6+ Kc8 31.
Qa6+ Kd7 32. Qd6+ Kc8 33. Qa6+ Kd7 34. Qd6+ 1/2-1/2

[Event "Late-Titled-Tuesday-Blitz-January-30-2024"]
[Site "Chess.com"]
[Date "2024.01.30"]
[Round "6"]
[White "sjoerd893"]
[Black "JaackCamel"]
[Result "1-0"]
[WhiteElo "2499"]
[BlackElo "2162"]
[TimeControl "180+1"]
[EndTime "15:07:00 PST"]
[Termination "sjoerd893 won by resignation"]

1. e4 e6 2. d4 d5 3. Nc3 Bb4 4. e5 Ne7 5. a3 Bxc3+ 6. bxc3 b6 7. Qg4 Ng6 8. h4 h5 9. Qg5 Ba6 10. Nh3 Bxf1 11. Rxf1 Nc6 12. g3 Nce7 13. Qe3 Qd7 14.
Qd3 a5 15. Bg5 Nf5 16. a4 Qc6 17. Kd2 Kd7 18. Rfb1 Qc4 19. Rb5 Kc6 20. Ng1 Rhe8 21. Ne2 Kb7 22. Nc1 Ka7 23. Rab1 Kb7 24. Nb3 Kc8 25. Kd1 Kd7 26. Qxc4 dxc4 27. Nd2 Nge7 28. Bxe7 Nxe7 29. Nxc4 Nd5 30. Kd2 g6 31. Ne3 Ne7 32. c4 Red8 33. c3 Kc6 34. Kc2 Rd7 35. c5 Nd5 36.
Nxd5 Kxd5 37. cxb6+ Ke4 38. b7 Rb8 39. Rxa5 c5 40.
dxc5 Rdxb7 41. Rxb7 Rxb7 42. Rb5 Ra7 43. c6 Rxa4 44.
Rb4+ 1-0

[Event "Late-Titled-Tuesday-Blitz-January-30-2024"]
[Site "Chess.com"]
[Date "2024.01.30"]
[Round "6"]
[White "Sebastian"]
[Black "AlexeiShirov"]
[Result "1-0"]
[WhiteElo "2956"]
[BlackElo "2773"]
[TimeControl "180+1"]
[EndTime "15:07:03 PST"]
[Termination "Sebastian won by resignation"]

1. e4 e5 2. Nf3 Nc6 3. Bb5 a6 4. Ba4 Nf6 5. O-O b5 6. Bb3 Bc5 7. c3 d6 8. d4 Bb6 9. Re1 Bg4 10. Bg5 Rb8 11. Nbd2 O-O 12. h3 Bh5 13. g4 Bg6 14.
Nf1 h6 15. Bh4 Re8 16. Ng3 Na5 17. dxe5 dxe5 18. Qxd8 Rbxd8 19. Bxf6 gxf6 20. Red1 c6 21. Kg2 Nxb3 22. axb3 a5 23. Nh4 Rxd1 24. Rxd1 Rd8 25. Rxd8+ Bxd8 26. Nhf5 Kh7 27. h4 a4 28. bxa4 bxa4 29.
Kf3 Ba5 30. Ke2 Bb6 31. f3 Bc5 32. h5 Bxf5 33. Nxf5 a3 34. bxa3 Bxa3 35. Kd3 Bf8 36. Kc4 Kg8 37. Kb3 Kh7 38. Ka4 Bc5 39. Ka5 Bf2 40.
Ka6 Be1 41. c4 1-0

[Event "Late-Titled-Tuesday-Blitz-January-30-2024"]
[Site "Chess.com"]
[Date "2024.01.30"]
[Round "6"]
[White "Witik"]
[Black "Fernando_Offermann"]
[Result "1-0"]
[WhiteElo "2659"]
[BlackElo "2430"]
[TimeControl "180+1"]
[EndTime "15:07:03 PST"]
[Termination "Witik won by resignation"]

1. d4 Nf6 2. c4 g6 3. g3 Bg7 4. Bg2 O-O 5. Nc3 d6 6. Nf3 Nbd7 7. O-O e5 8. e4 c6 9. h3 a5 10. Be3 a4 11. Qc2 Qa5 12. Rfd1 Re8 13. d5 Bf8 14. Ne1 Nc5 15. Nd3 Nxd3 16. Rxd3 Nd7 17. Rad1 Nc5 18. R3d2 f5 19. dxc6 bxc6 20. exf5 Bxf5 21.
Qc1 Rac8 22. g4 Be6 23. Bxc5 Qxc5 24. Ne4 Qxc4 25. Nf6+ Kf7 26. Nxe8 Kxe8 27. Rc2 Qxa2 28. Rxc6 Rd8 29. Rc7 d5 30. Qc6+ Bd7 31. Rxd7 Rxd7 32.
Rxd5 Qxd5 33. Bxd5 Kd8 34. Qb6+ Ke7 35. Qe6+ Kd8 36. Qf6+ Be7 37. Qb6+ Kc8 38. Be6 1-0